 Dungeon Crawl Stone Soup version 0.26-b1-32-g5d43845318 (webtiles) character file.

Game seed: 11445779270670550204

208 Arthanis the Firebug (level 5, -1/28 HPs)
             Began as a Deep Elf Fire Elementalist on Jan 11, 2021.
             Slain by a gnoll
             ... wielding a +0 spear
              (9 damage)
             ... on level 3 of the Dungeon.
             The game lasted 00:03:40 (3615 turns).

Arthanis the Firebug (Deep Elf Fire Elementalist)   Turns: 3615, Time: 00:03:41

Health: -1/28      AC:  3    Str:  5    XL:     5   Next: 55%
Magic:  13/14      EV: 17    Int: 21    God:
Gold:   140        SH:  0    Dex: 15    Spells: 0/13 levels left

rFire    . . .     SeeInvis .   s - +4 spear
rCold    . . .     Faith    .   (no shield)
rNeg     . . .     Spirit   .   a - +0 robe
rPois    .         Reflect  .   (no helmet)
rElec    .         Harm     .   (no cloak)
rCorr    .         Rampage  .   n - +0 pair of gloves
Will     .....                  (no boots)
Stlth    ++........             q - amulet of inaccuracy (curse)
HPRegen  0.09/turn              p - +4 ring of evasion
MPRegen  0.14/turn              (no ring)

@: no status effects
A: no striking features
a: no special abilities


You were on level 3 of the Dungeon.
You visited 1 branch of the dungeon, and saw 3 of its levels.

You collected 140 gold pieces.

Inventory:

Hand Weapons
 l - a +0 dagger
 s - a +4 spear (weapon)
Armour
 a - a +0 robe (worn)
 n - a +0 pair of gloves (worn)
Jewellery
 p - a +4 ring of evasion (left hand)
 q - a cursed amulet of inaccuracy (around neck)
 r - an uncursed amulet of regeneration {unknown}
Scrolls
 b - a scroll of fog {unknown}
 e - 2 scrolls of teleportation {unknown}
 f - a scroll of identify {unknown}
 h - a scroll of enchant weapon {unknown}
 m - 3 scrolls of amnesia {unknown}
 o - a scroll of noise {unknown}
Potions
 c - 3 potions of flight {unknown}
 d - a potion of cancellation {unknown}
 g - 2 potions of heal wounds {unknown}
 i - a potion of haste {unknown}
 j - a potion of brilliance {unknown}
 k - a potion of might {unknown}


   Skills:
 - Level 2.4 Dodging
 - Level 2.4 Stealth
 + Level 4.6 Spellcasting
 + Level 3.0 Conjurations
 * Level 5.4 Fire Magic


You couldn't memorise any spells.
You knew the following spells:

 Your Spells              Type           Power        Failure   Level
a - Foxfire               Conj/Fire      88%          1%          1
b - Conjure Flame         Conj/Fire      22%          6%          3
c - Sticky Flame          Conj/Fire      22%          19%         4
d - Fireball              Conj/Fire      11%          47%         5

Your spell library contained the following spells:

 Spells                   Type           Power        Failure   Level
 Corona                   Hex            4%           11%         1
 Inner Flame              Hex/Fire       16%          11%         3
 Ensorcelled Hibernation  Hex/Ice        8%           17%         2
 Dazzling Flash           Conj/Hex       22%          19%         3
 Confusing Touch          Hex            4%           32%         3
 Tukima's Dance           Hex            4%           32%         3


Dungeon Overview and Level Annotations

Branches:
Dungeon (3/15)

Altars:
Elyvilon


Message History

Confirm with . or Enter, or press ? or * to list all spells.
Nothing appears to happen.
The foxfire hits the gnoll.
The gnoll is heavily wounded.
The foxfire hits the gnoll.
The gnoll is heavily wounded.
The gnoll hits you from afar with a +0 spear!
The foxfire hits the gnoll.
The gnoll is severely wounded.
Casting: Foxfire (safe; 1% risk of failure)
Confirm with . or Enter, or press ? or * to list all spells.
You conjure some foxfire!
The gnoll hits you from afar with a +0 spear.
Your foxfire dissipates!
The foxfire hits the gnoll.
The gnoll is almost dead.
The gnoll hits you from afar with a +0 spear.
* * * LOW HITPOINT WARNING * * *
There is a stone staircase leading down here.
The gnoll hits you from afar with a +0 spear!
You die...

.##.##...# #.#.....#.# .##.##...#
#.#.....#.# .....#...#
#.'.....#.#
..#†.#.).##########.....#.#
).......................#.#
##.).##############.##'##.#
##...#....<#......#.##.##.#######
..................g..g......>l...
.#...#.###.###..@.#.##....#######
.#.#.#.# #.###.##########.#
.#.#.#.# #.##<..........#.#####
.#.#.#.# #.###.#..#####.......#
.#.#.#.###+###.#.......######.#
.#...#.##....#.#.###.......##.#
.#...#.##.>..#.#.# #.#.###.##.#
.#...#.##....#.#.# #.#...#+##+###
.#.#.#.##....#.#.###'#...........


You could see 2 gnolls.

Vanquished Creatures
  A hound (D:3)
  A jelly (D:3)
  An orc priest (D:3)
  A gnoll (D:3)
  2 adders
  3 worms
  A dart slug (D:2)
  2 leopard geckos
  7 orcs (D:3)
  6 giant cockroaches
  7 goblins
  6 hobgoblins
  8 jackals (D:3)
  A quokka (D:3)
  4 bats
  3 frilled lizards
  7 kobolds
  13 rats
74 creatures vanquished.

Vanquished Creatures (others)
  336 foxfires
336 creatures vanquished.

Grand Total: 410 creatures vanquished

Notes
Turn   | Place    | Note
-------+----------+-------------------------------------------
     0 | D:1      | Arthanis the Deep Elf Fire Elementalist began the quest for
                  | the Orb.
     0 | D:1      | Reached XP level 1. HP: 10/10 MP: 6/6
   481 | D:1      | Reached XP level 2. HP: 15/15 MP: 5/8
  1146 | D:2      | Reached skill level 4 in Fire Magic
  1146 | D:2      | Reached XP level 3. HP: 19/19 MP: 5/10
  1277 | D:2      | Learned a level 3 spell: Conjure Flame
  1685 | D:2      | Found a white marble altar of Elyvilon.
  2078 | D:3      | Reached XP level 4. HP: 24/24 MP: 7/11
  2084 | D:3      | Learned a level 4 spell: Sticky Flame
  2484 | D:3      | Reached skill level 5 in Fire Magic
  2489 | D:3      | Reached XP level 5. HP: 28/28 MP: 1/13
  3046 | D:3      | Learned a level 5 spell: Fireball
  3615 | D:3      | Slain by a gnoll

Illustrated notes

Levels and vault maps discovered:
D:1:      ncdulo_halloftheorcs, layout_basic
D:2:      layout_basic, general_overflow_altar
D:3:      layout_basic

Skill      XL: |  1  2  3  4  5 |
---------------+----------------+-----
Fire Magic     | 4 5 |  5.4
Conjurations   | 2 3 |  3.0
Spellcasting   | 4 |  4.6
Dodging        | |  2.4
Stealth        | |  2.4

Action                   |  1- 3 |  4- 6 || total
-------------------------+-------+-------++-------
Melee: Unarmed           |     3 |       ||     3
       Dagger            |     1 |     8 ||     9
 Cast: Foxfire           |   116 |    85 ||   201
Armor: Robe              |     3 |     4 ||     7
Dodge: Dodged            |    16 |    31 ||    47
